SAA
ATLANTIC CITY SONICS @ GURDON PELICANS
08/20/2019
 
TOP OF THE 1ST
Atlantic City Sonics batting - Pitching for Gurdon Pelicans : RHP Lester Sullivan
Pitching: RHP Lester Sullivan
Batting: RHB Josh Stafford 0-0: Swinging Strike
0-1: Called Strike
0-2: Ball
1-2: Fly out, F9 (Flyball, 9LM)
Batting: RHB Leonard Jones 0-0: Foul Ball, location: 2F
0-1: Ball
1-1: Ball
2-1: Foul Ball, location: 2F
2-2: Ball
3-2: Fly out, F9 (Flyball, 9S)
Batting: RHB António Granados 0-0: Called Strike
0-1: Called Strike
0-2: Ball
1-2: Strikes out swinging
Top of the 1st over - 0 run(s), 0 hit(s), 0 error(s), 0 left on base; Atlantic City 0 - Gurdon 0
BOTTOM OF THE 1ST
Gurdon Pelicans batting - Pitching for Atlantic City Sonics : RHP Victor Brey
Pitching: RHP Victor Brey
Batting: RHB Ludovico Trezza 0-0: Called Strike
0-1: Ball
1-1: Swinging Strike
1-2: Ball
2-2: Foul Ball, location: 2F
2-2: Ball
3-2: SINGLE (Groundball, 6MD)
Batting: RHB Tony Hernández 0-0: Foul Ball, location: 2F
0-1: Ball
1-1: Ball
2-1: Swinging Strike
2-2: Strikes out swinging
Batting: RHB Alex Maxwell 0-0: Ball
Ludovico Trezza steals 2nd base
1-0: Called Strike
1-1: Ball
2-1: SINGLE (Groundball, 6D)
Ludovico Trezza to third
Runner from 3rd tries for Home, SAFE, no throw or cutoff
Batting: LHB Guillermo Martínez 0-0: Swinging Strike
0-1: Swinging Strike
0-2: Foul Ball, location: 2F
0-2: Foul Ball, location: 2F
0-2: Ball
1-2: Fly out, F5 (Line Drive, 56)
Batting: SHB Lionel Merlet 0-0: Called Strike
0-1: Ball
1-1: Ball
2-1: Ball
3-1: Base on Balls
Alex Maxwell to second
Batting: RHB Bobby Buck 0-0: Ground out 4-3 (Groundball, 4)
Bottom of the 1st over - 1 run(s), 2 hit(s), 0 error(s), 2 left on base; Atlantic City 0 - Gurdon 1
TOP OF THE 2ND
Atlantic City Sonics batting - Pitching for Gurdon Pelicans : RHP Lester Sullivan
Batting: LHB Pedro López 0-0: Called Strike
0-1: Ball
1-1: Ball
2-1: Ball
3-1: Base on Balls
Batting: LHB Kip Burks 0-0: Ball
1-0: Swinging Strike
1-1: Fly out, F8 (Flyball, 78XD)
Batting: LHB Neal Hart 0-0: Ball
1-0: Ground out U3 (Groundball, 3S)
Pedro López to second
Batting: LHB Steven Johnson 0-0: SINGLE (Line Drive, 4)
Pedro López to third
Runner from 3rd tries for Home, SAFE, no throw or cutoff
Batting: RHB Robbie Chambers 0-0: Ball
1-0: Foul Ball, location: 2F
1-1: Ball
2-1: Ball
3-1: Reached on error, E2 (Groundball, 2R)
Steven Johnson to third
Batting: RHB Jim Scott 0-0: Ball
1-0: Ball
2-0: Called Strike
2-1: Ball
3-1: Foul Ball, location: 2F
3-2: Strikes out looking
Top of the 2nd over - 1 run(s), 1 hit(s), 1 error(s), 2 left on base; Atlantic City 1 - Gurdon 1
BOTTOM OF THE 2ND
Gurdon Pelicans batting - Pitching for Atlantic City Sonics : RHP Victor Brey
Batting: RHB Riley Howard 0-0: Ball
1-0: Ball
2-0: Called Strike
2-1: Ball
3-1: Base on Balls
Batting: RHB António Sánchez 0-0: Ball
1-0: DOUBLE (Line Drive, 3D)
Riley Howard to third
Runner from 3rd tries for Home, SAFE, no throw or cutoff
Batting: RHB Martín Álvarez 0-0: Ball
1-0: Ball
2-0: Ball
3-0: Called Strike
3-1: Called Strike
3-2: Ground out 4-3 (Groundball, 34)
António Sánchez to third
Batting: RHB Ludovico Trezza 0-0: Ball
1-0: Ball
2-0: SINGLE (Groundball, 4D) (infield hit)
António Sánchez scores
Batting: RHB Tony Hernández 0-0: Ball
1-0: Fly out, F8 (Line Drive, 8LM)
Batting: RHB Alex Maxwell 0-0: Ball
1-0: Ball
2-0: Called Strike
2-1: Ball
3-1: Base on Balls
Ludovico Trezza to second
Batting: LHB Guillermo Martínez 0-0: Ball
1-0: Fly out, F7 (Flyball, 78D)
Bottom of the 2nd over - 2 run(s), 2 hit(s), 0 error(s), 2 left on base; Atlantic City 1 - Gurdon 3
TOP OF THE 3RD
Atlantic City Sonics batting - Pitching for Gurdon Pelicans : RHP Lester Sullivan
Batting: RHB Josh Stafford 0-0: Ball
1-0: Called Strike
1-1: Foul Ball, location: 2F
1-2: Fly out, F7 (Flyball, 7M)
Batting: RHB Leonard Jones 0-0: Ground out 5-3 (Groundball, 5)
Batting: RHB António Granados 0-0: Ball
1-0: TRIPLE (Line Drive, 78M)
Batting: LHB Pedro López 0-0: Called Strike
0-1: Ball
1-1: Ball
2-1: Foul Ball, location: 2F
2-2: Strikes out swinging
Top of the 3rd over - 0 run(s), 1 hit(s), 0 error(s), 1 left on base; Atlantic City 1 - Gurdon 3
BOTTOM OF THE 3RD
Gurdon Pelicans batting - Pitching for Atlantic City Sonics : RHP Victor Brey
Batting: SHB Lionel Merlet 0-0: Called Strike
0-1: Ball
1-1: Foul Ball, location: 2F
1-2: Strikes out looking
Batting: RHB Bobby Buck 0-0: Ball
1-0: Foul Ball, location: 2F
1-1: Foul Ball, location: 2F
1-2: Ball
2-2: Strikes out swinging
Batting: RHB Riley Howard 0-0: Fly out, F8 (Flyball, 89S)
Bottom of the 3rd over - 0 run(s), 0 hit(s), 0 error(s), 0 left on base; Atlantic City 1 - Gurdon 3
TOP OF THE 4TH
Atlantic City Sonics batting - Pitching for Gurdon Pelicans : RHP Lester Sullivan
Batting: LHB Kip Burks 0-0: Ball
1-0: Ground out 4-3 (Groundball, 34)
Batting: LHB Neal Hart 0-0: Ball
1-0: Ball
2-0: Ball
3-0: Called Strike
3-1: Base on Balls
Batting: LHB Steven Johnson 0-0: Ball
1-0: Called Strike
1-1: SINGLE (Line Drive, 6D)
Neal Hart to second
Batting: RHB Robbie Chambers 0-0: Called Strike
0-1: Ball
1-1: Foul Ball, location: 2F
1-2: Ball
2-2: Fly out, F3 (Popup, 34)
Batting: RHB Jim Scott 0-0: Ball
1-0: Ball
2-0: Foul Ball, location: 2F
2-1: Fly out, F3 (Popup, 3F)
Top of the 4th over - 0 run(s), 1 hit(s), 0 error(s), 2 left on base; Atlantic City 1 - Gurdon 3
BOTTOM OF THE 4TH
Gurdon Pelicans batting - Pitching for Atlantic City Sonics : RHP Victor Brey
Batting: RHB António Sánchez 0-0: Ball
1-0: Called Strike
1-1: Called Strike
1-2: Ball
2-2: Fly out, F7 (Flyball, 78XD)
Batting: RHB Martín Álvarez 0-0: Called Strike
0-1: Ball
1-1: Ball
2-1: Ground out 5-3 (Groundball, 56S)
Batting: RHB Ludovico Trezza 0-0: Ball
1-0: Ball
2-0: Ball
3-0: Base on Balls
Batting: RHB Tony Hernández 0-0: Ball
1-0: Ball
2-0: Foul Ball, location: 2F
2-1: Fly out, F9 (Flyball, 9S)
Bottom of the 4th over - 0 run(s), 0 hit(s), 0 error(s), 1 left on base; Atlantic City 1 - Gurdon 3
TOP OF THE 5TH
Atlantic City Sonics batting - Pitching for Gurdon Pelicans : RHP Lester Sullivan
Batting: RHB Josh Stafford 0-0: Ball
1-0: Swinging Strike
1-1: Ball
2-1: Foul Ball, location: 2F
2-2: Foul Ball, location: 2F
2-2: Ground out 4-3 (Groundball, 34)
Batting: RHB Leonard Jones 0-0: Ball
1-0: Swinging Strike
1-1: Ball
2-1: SINGLE (Line Drive, 8RS)
Batting: RHB António Granados 0-0: SINGLE (Flyball, 89S)
Leonard Jones to second
Runner from 2nd tries for 3rd, SAFE, throw made to third
António Granados to second
Batting: LHB Pedro López 0-0: Ball
1-0: SINGLE (Line Drive, 6D)
Leonard Jones scores
António Granados to third
Runner from 3rd tries for Home, SAFE, no throw or cutoff
Batting: LHB Kip Burks 0-0: Ball
1-0: Ball
Wild Pitch!
Pedro López to second
2-0: Fly out, F8 (Flyball, 8RM)
Batting: LHB Neal Hart 0-0: SINGLE (Flyball, 89S) - OUT at second base trying to stretch hit.
Pedro López scores
Top of the 5th over - 3 run(s), 4 hit(s), 0 error(s), 0 left on base; Atlantic City 4 - Gurdon 3
BOTTOM OF THE 5TH
Gurdon Pelicans batting - Pitching for Atlantic City Sonics : RHP Victor Brey
Batting: RHB Alex Maxwell 0-0: Called Strike
0-1: Ball
1-1: Foul Ball, location: 2F
1-2: Ball
2-2: Ground out 5-3 (Groundball, 56S)
Batting: LHB Guillermo Martínez 0-0: Ball
1-0: Swinging Strike
1-1: Called Strike
1-2: Foul Ball, location: 2F
1-2: Ball
2-2: Fly out, F9 (Flyball, 9M)
Batting: SHB Lionel Merlet 0-0: Ball
1-0: Called Strike
1-1: Swinging Strike
1-2: Fly out, F7 (Line Drive, 78M)
Bottom of the 5th over - 0 run(s), 0 hit(s), 0 error(s), 0 left on base; Atlantic City 4 - Gurdon 3
TOP OF THE 6TH
Atlantic City Sonics batting - Pitching for Gurdon Pelicans : RHP Lester Sullivan
Batting: LHB Steven Johnson 0-0: Ball
1-0: Ball
2-0: Ball
3-0: Base on Balls
Batting: RHB Robbie Chambers 0-0: Bunted foul
0-1: Bunted foul
0-2: Grounds into double play, 6-4-3 (Groundball, 6M)
Batting: RHB Jim Scott 0-0: Ball
1-0: Foul Ball, location: 2F
1-1: Called Strike
1-2: Ball
2-2: Ball
3-2: Foul Ball, location: 2F
3-2: Foul Ball, location: 2F
3-2: Foul Ball, location: 2F
3-2: Ground out 1-3 (Groundball, 15)
Top of the 6th over - 0 run(s), 0 hit(s), 0 error(s), 0 left on base; Atlantic City 4 - Gurdon 3
BOTTOM OF THE 6TH
Gurdon Pelicans batting - Pitching for Atlantic City Sonics : RHP Victor Brey
Batting: RHB Bobby Buck 0-0: Called Strike
0-1: Ball
1-1: Foul Ball, location: 2F
1-2: Foul Ball, location: 2F
1-2: Ball
2-2: Ball
3-2: Foul Ball, location: 2F
3-2: Base on Balls
Batting: RHB Riley Howard 0-0: Ball
1-0: Ball
Pickoff Throw by Catcher to First - Error! E2
Bobby Buck to second
2-0: Swinging Strike
2-1: Ball
3-1: Called Strike
3-2: Foul Ball, location: 2F
3-2: Base on Balls
Pitching: LHP Santiago Romo
Batting: RHB António Sánchez 0-0: Called Strike
0-1: Ball
1-1: Foul Ball, location: 2F
1-2: SINGLE (Line Drive, 34D)
Bobby Buck to third
Riley Howard to second
Batting: RHB Martín Álvarez 0-0: Called Strike
0-1: Foul Ball, location: 2F
0-2: Strikes out swinging
Batting: RHB Ludovico Trezza 0-0: Ball
1-0: Foul Ball, location: 2F
1-1: Fielders Choice at 2nd, 4-6 (Groundball, 4)
Bobby Buck scores
Riley Howard to third
Batting: RHB Tony Hernández 0-0: Called Strike
0-1: Ball
1-1: Ball
2-1: Swinging Strike
2-2: Ground out 4-3 (Groundball, 34)
Bottom of the 6th over - 1 run(s), 1 hit(s), 1 error(s), 2 left on base; Atlantic City 4 - Gurdon 4
TOP OF THE 7TH
Atlantic City Sonics batting - Pitching for Gurdon Pelicans : RHP Lester Sullivan
Pinch Hitting: LHB Jim Unknown 0-0: Swinging Strike
0-1: Called Strike
0-2: Ball
1-2: Strikes out swinging
Batting: RHB Leonard Jones 0-0: Called Strike
0-1: Ball
1-1: Ball
2-1: Foul Ball, location: 2F
2-2: Foul Ball, location: 2F
2-2: Foul Ball, location: 2F
2-2: Strikes out swinging, 2-3 out at first.
Batting: RHB António Granados 0-0: Called Strike
0-1: Foul Ball, location: 2F
0-2: Ball
1-2: Strikes out looking
Top of the 7th over - 0 run(s), 0 hit(s), 0 error(s), 0 left on base; Atlantic City 4 - Gurdon 4
BOTTOM OF THE 7TH
Gurdon Pelicans batting - Pitching for Atlantic City Sonics : LHP Santiago Romo
Now at 2B: Marty Hayden
Batting: RHB Alex Maxwell 0-0: DOUBLE (Line Drive, 8RD)
Pinch Hitting: RHB Micah Miller 0-0: Intentional Walk
Batting: SHB Lionel Merlet 0-0: Ball
1-0: Ball
2-0: Ball
3-0: Base on Balls
Alex Maxwell to third
Micah Miller to second
Batting: RHB Bobby Buck 0-0: Ball
1-0: SINGLE (Groundball, 6MD)
Alex Maxwell scores
Micah Miller to third
Lionel Merlet to second
Pinch Hitting: RHB Chip Teague 0-0: Called Strike
0-1: Fly out, F7 (Flyball, 8LM)
Runner from 3rd tags up, SCORES, no throw
Pitching: RHP Jorge Sánchez
Pinch Hitting: RHB Jim Unknown 0-0: Ball
1-0: Ball
2-0: Called Strike
2-1: SINGLE (Groundball, 56D) (infield hit)
Lionel Merlet to third
Bobby Buck to second
Pinch Hitting: RHB Morton Kelly 0-0: Called Strike
0-1: Ball
Wild Pitch!
Lionel Merlet scores
Bobby Buck to third
Jim Unknown to second
1-1: Called Strike
1-2: 3-RUN HOME RUN (Flyball, 9LD), Distance : 361 ft
Pitching: LHP José Castro
Batting: RHB Ludovico Trezza 0-0: Called Strike
0-1: Foul Ball, location: 2F
0-2: Hit by Pitch
Batting: RHB Tony Hernández 0-0: Ball
1-0: Ball
Ludovico Trezza is caught stealing 2nd base
2-0: Ball
3-0: Called Strike
3-1: Base on Balls
Batting: RHB Alex Maxwell 0-0: Ball
1-0: Called Strike
1-1: Called Strike
1-2: Fielders Choice at 2nd, 5-4 (Groundball, 56)
Bottom of the 7th over - 6 run(s), 4 hit(s), 0 error(s), 0 left on base; Atlantic City 4 - Gurdon 10
TOP OF THE 8TH
Atlantic City Sonics batting - Pitching for Gurdon Pelicans : RHP Lester Sullivan
Pitching: LHP Stanton Miranda
Now at 1B: Doug Rowland
Now at 2B: Morton Kelly
Now at 3B: Jim Unknown
Now in RF: Micah Miller
Batting: LHB Pedro López 0-0: Ball
1-0: Called Strike
1-1: Ground out 5-3 (Groundball, 5L)
Batting: LHB Kip Burks 0-0: Called Strike
0-1: Ball
1-1: Ball
2-1: Foul Ball, location: 2F
2-2: Ball
3-2: Strikes out looking
Batting: LHB Neal Hart 0-0: Ball
1-0: Ball
2-0: Swinging Strike
2-1: Foul Ball, location: 2F
2-2: Ball
3-2: Strikes out swinging
Top of the 8th over - 0 run(s), 0 hit(s), 0 error(s), 0 left on base; Atlantic City 4 - Gurdon 10
BOTTOM OF THE 8TH
Gurdon Pelicans batting - Pitching for Atlantic City Sonics : LHP José Castro
Batting: RHB Micah Miller 0-0: Ball
1-0: Called Strike
1-1: Called Strike
1-2: Fly out, F2 (Popup, 2R)
Batting: SHB Lionel Merlet 0-0: Ball
1-0: Foul Ball, location: 2F
1-1: Ball
2-1: Foul Ball, location: 2F
2-2: Ball
3-2: Ground out 6-3 (Groundball, 6M)
Batting: RHB Bobby Buck 0-0: Called Strike
0-1: Foul Ball, location: 2F
0-2: Strikes out swinging
Bottom of the 8th over - 0 run(s), 0 hit(s), 0 error(s), 0 left on base; Atlantic City 4 - Gurdon 10
TOP OF THE 9TH
Atlantic City Sonics batting - Pitching for Gurdon Pelicans : LHP Stanton Miranda
Batting: LHB Steven Johnson 0-0: Called Strike
0-1: Foul Ball, location: 2F
0-2: Hit by Pitch
Batting: RHB Robbie Chambers 0-0: Called Strike
0-1: Foul Ball, location: 2F
0-2: Ball
1-2: Foul Ball, location: 2F
1-2: Ball
2-2: Foul Ball, location: 2F
2-2: Strikes out looking
Batting: RHB Jim Scott 0-0: Ball
1-0: Ball
2-0: Called Strike
2-1: Foul Ball, location: 2F
2-2: DOUBLE (Line Drive, 7LM)
Steven Johnson to third
Batting: RHB Marty Hayden 0-0: Called Strike
0-1: Called Strike
0-2: Ball
1-2: Ball
2-2: Strikes out looking
Batting: RHB Leonard Jones 0-0: Called Strike
0-1: Ball
1-1: Ball
2-1: Ball
3-1: Base on Balls
Batting: RHB António Granados 0-0: SINGLE (Line Drive, 3)
Steven Johnson scores
Jim Scott to third
Leonard Jones to second
Runner from 3rd tries for Home, SAFE, throw made home
Leonard Jones to third
António Granados to second
Pitching: LHP Shawn Arnold
Batting: LHB Pedro López 0-0: Called Strike
0-1: Swinging Strike
0-2: Strikes out swinging
Top of the 9th over - 2 run(s), 2 hit(s), 0 error(s), 2 left on base; Atlantic City 6 - Gurdon 10
This league is powered by Out of the Park Baseball, the baseball management simulation game for PC, Mac and Linux
Saturday, July 25th, 2015 - OOTP Baseball 15.6 Build 34